 Dungeon Crawl Stone Soup version 0.21-a0-216-g6d3fd91 (console) character file.

95 Duffy the Chopper (level 4, -3/40 HPs)
             Began as a Hill Orc Fighter on Aug 23, 2017.
             Killed from afar by an orc wizard (9 damage)
             ... with a puff of flame
             ... on level 3 of the Dungeon.
             The game lasted 00:02:13 (1842 turns).

Duffy the Chopper (Hill Orc Fighter)                Turns: 1842, Time: 00:02:14

Health: -3/40      AC:  8    Str: 19    XL:     4   Next: 65%
Magic:  13/13      EV:  7    Int:  8    God:
Gold:   101        SH:  0    Dex: 10    Spells: 3/3 levels left

rFire    . . .     SeeInvis .   a - +0 war axe
rCold    . . .     Gourm    .   c - +0 shield
rNeg     . . .     Faith    .   b - +0 scale mail
rPois    .         Spirit   .   (no helmet)
rElec    .         Reflect  .   m - +0 cloak
rCorr    .         Harm     .   (no gloves)
MR       .....                  (no boots)
Stlth    ..........             (no amulet)
HPRegen  0.13/turn              s - ring of magical power
MPRegen  0.13/turn              (no ring)

@: confused
A: no striking features
a: no special abilities


You were on level 3 of the Dungeon.
You were not hungry.

You visited 1 branch of the dungeon, and saw 3 of its levels.

You collected 101 gold pieces.

Inventory:

Hand Weapons
 a - a +0 war axe (weapon)
Missiles
 e - a throwing net (quivered)
Armour
 b - a +0 scale mail (worn)
 c - a +0 shield (worn)
 m - a +0 cloak (worn)
Jewellery
 s - a ring of magical power (left hand)
Scrolls
 i - a scroll of blinking {unknown}
 j - 2 scrolls of fear {unknown}
 n - 2 scrolls of amnesia {unknown}
 o - a scroll of enchant armour {unknown}
 p - 2 scrolls of teleportation {unknown}
Potions
 d - a potion of might
 g - 2 potions of curing {unknown}
 l - a potion of ambrosia {unknown}
 q - a potion of resistance {unknown}
Comestibles
 f - 2 bread rations
 h - a royal jelly
 k - a meat ration
 r - 2 chunks of flesh


   Skills:
 + Level 4.1 Fighting
 * Level 4.5 Axes
 + Level 4.0 Armour
 + Level 3.9 Shields


You had 3 spell levels left.
You didn't know any spells.

Dungeon Overview and Level Annotations

Branches:
Dungeon (3/15)

Altars:


Message History

You block something's attack.
You barely miss something.
You hear some strange, mumbled words.
A puff of flame appears from out of thin air!
The puff of flame hits you! You block something's attack.
Your shield and scale mail prevent you from hitting something.
Something completely misses you.
You miss something. Something hits you but does no damage.
Your shield and scale mail prevent you from hitting something.
Something hits you but does no damage. x2
You barely miss something. Something hits you but does no damage.
You closely miss something. Something hits you but does no damage.
You hear some strange, mumbled words.
You are confused.
You slash something! Something hits you but does no damage.
You're too confused to move!
You hear some strange, mumbled words.
A puff of flame appears from out of thin air!
The puff of flame hits you!
You die...

#.# #.# #.# #.# #.# #.#
#.# #.# #)# #.# ##
.######.#########.##.##
........[.........#...##
######..##.#######.....#
#{@##.########.....
#.........%.....###
#.#...###########
#.#.### #.#.# ..#.#
###.# #.# #.#


There were no monsters in sight!

Vanquished Creatures
  An orc wizard (D:3)
  2 adders (D:2)
  An ooze (D:2)
  3 dart slugs
  2 leopard geckos
  An orc (D:3)
  4 giant cockroaches (D:1)
  5 goblins (D:1)
  6 hobgoblins
  A quokka (D:2)
  A ball python (D:3)
  2 bats (D:1)
  4 frilled lizards
  7 kobolds
  4 rats
44 creatures vanquished.

Notes
Turn   | Place    | Note
-------+----------+-------------------------------------------
     0 | D:1      | Duffy the Hill Orc Fighter began the quest for the Orb.
     0 | D:1      | Reached XP level 1. HP: 19/19 MP: 1/1
   131 | D:1      | Reached XP level 2. HP: 24/27 MP: 2/2
   483 | D:1      | Reached XP level 3. HP: 33/33 MP: 3/3
  1384 | D:2      | Reached XP level 4. HP: 40/40 MP: 4/4
  1842 | D:3      | Killed from afar by an orc wizard

Vault maps used:
D:1:      dpeg_arrival_long_road
D:3:      nicolae_overflow_crystal_walls, gammafunk_temple_overflow_elements,
          doesnt_xom_only_xom, uniq_grinder

Skill      XL: |  1  2  3  4 |
---------------+-------------+-----
Axes           | 3 4 |  4.5
Fighting       | 4 |  4.1
Armour         | 4 |  4.0
Shields        | |  3.9

Action                   |  1- 3 |  4- 6 || total
-------------------------+-------+-------++-------
Melee: War axe           |   115 |    62 ||   177
  Eat: Chunk             |     1 |     2 ||     3
Armor: Scale mail        |    49 |    41 ||    90
Dodge: Dodged            |    34 |     9 ||    43
Block: Shield            |    53 |    15 ||    68

Table legend:
 A = Spawn XP
 B = Non-spawn XP
 C = Spawn XP percentage of total XP
 D = Spawn monster count
 E = Non-spawn monster count
 F = Spawn count percentage of total count
 G = Total turns spent on level
                    A         B        C        D         E        F      G
               +---------+---------+-------+---------+---------+-------+---------
         Total |       2 |     134 |   1.5 |       2 |      42 |   4.5 |  1842
               +---------+---------+-------+---------+---------+-------+---------
           D:1 |       1 |      41 |   2.4 |       1 |      23 |   4.2 |   963
           D:2 |       1 |      55 |   1.8 |       1 |      13 |   7.1 |   766
           D:3 |       0 |      38 |   0.0 |       0 |       6 |   0.0 |   113
               +---------+---------+-------+---------+---------+-------+---------
